AoeStats
← bkg45

Pilgrims

507610772Analyzed
4v4 RM · 13d ago on Sep 19, 2026· 13m 22s· 8 players
Game mode
Random Map
Map size
Large (8 player)
Population
200
Speed
Normal
Resources
Standard
Victory
Conquest
Starting age
Dark Age
Ending age
Imperial Age
RankedLock teamsTeams togetherTeam positionsShared explorationLock speedFull tech treeHidden civsTurbo modeCheats
Victory
Defeat
🇨🇳 Vietnamese · China
1224
+17
🇨🇦 Mongols · Canada
1221
+17
🇲🇽 Italians · Mexico
1210
+18
🇺🇸 Turks · United States
1193
+18
🇺🇸 Chinese · United States
1327
-21
🇺🇸 Italians · United States
1247
-18
🇨🇦 Koreans · Canada
1242
-17
🇺🇸 Japanese · United States
1156
-14
Perc Fever
12:45 Feudal Age
HellSong
5:36 Loom
13:00 Feudal Age
zaackvader10
5:05 Loom
小明
15:02 Feudal Age
Howie
11:12 Feudal Age
9:28 Loom
15:21 Castle Age
FEMALE INCA VILLAGER
4:08 Loom
11:10 Feudal Age
15:27 Castle Age
osteor10
7:50 Loom
11:42 Feudal Age
11:50 Man-at-Arms
12:17 Arson
bkg45
3:11 Loom
11:10 Feudal Age
12:20 Double-Bit Axe
12:17 Horse Collar
14:47 Castle Age
Connection lost

Rejoining the realm…

Still unreachable

The connection could not be restored.

Session expired

The server has moved on; the page needs a fresh start.